 Dungeon Crawl Stone Soup version 0.30-a0-6-g7c9e10e132 (webtiles) character file.

Game seed: 143010480245769788

629 SensoryNuts the Trooper (level 7, -13/74 HPs)
             Began as an Ogre Fighter on Aug 22, 2022.
             Mangled by a yak (16 damage)
             ... on level 4 of the Dungeon.
             The game lasted 00:04:25 (6070 turns).

SensoryNuts the Trooper (Ogre Fighter)              Turns: 6070, Time: 00:04:26

Health: -13/74     AC: -1    Str: 20 (23) XL:     7   Next: 48%
Magic:  7/7        EV: 10    Int:  8 (9)  God:
Gold:   208        SH:  8    Dex: 13 (14) Spells: 6/6 levels left

rFire   . . .      SeeInvis .    a - +0 war axe
rCold   . . .      Faith    .    c - +0 kite shield
rNeg    . . .      Spirit   .    b - +0 robe
rPois   .          Reflect  .    (helmet restricted)
rElec   .          Harm     .    (no cloak)
rCorr   .          Rampage  .    (gloves unavailable)
Will    .....                    (boots unavailable)
Stlth   ++........               (no amulet)
HPRegen 0.22/turn                d - +6 ring of dexterity
MPRegen 0.10/turn                (no ring)

@: corroded
A: large, unfitting armour, tough skin 1
a: no special abilities


You were on level 4 of the Dungeon.
You visited 1 branch of the dungeon, and saw 5 of its levels.

You collected 208 gold pieces.

Inventory:

Hand Weapons
 a - a +0 war axe (weapon)
Armour
 b - a +0 robe (worn)
 c - a +0 kite shield (worn)
Jewellery
 d - a +6 ring of dexterity (left hand)
 g - a ring of protection from cold
 r - a ring of wizardry
 t - a ring of see invisible
 u - a +4 ring of protection
Wands
 v - a wand of digging (3)
Scrolls
 n - a scroll of torment
 o - 2 scrolls of blinking
 p - 2 scrolls of amnesia
 q - a scroll of vulnerability
Potions
 f - 2 potions of attraction
 w - 2 potions of ambrosia


   Skills:
 + Level 5.6 Fighting
 + Level 5.4 Axes
 + Level 4.1 Dodging
 + Level 1.2 Stealth
 + Level 4.4 Shields


You had 6 spell levels left.
You didn't know any spells.
Your spell library was empty.

Dungeon Overview and Level Annotations

Branches:
Dungeon (5/15)
 Temple: D:4-7

Altars:
Kikubaaqudgha
Ru
Sif Muna
Trog
Vehumet

Shops:
D:1 *


Innate Abilities, Weirdness & Mutations

You are too large for most types of armour.
You have tough skin. (AC +1)


Message History

HP restored.
You start waiting.
Done waiting.
You start waiting.
Done waiting.
You start waiting.
Done waiting.
You start waiting.
Done waiting.
There is a stone staircase leading down, spattered with blood here.
You climb downwards.
The water moccasin hisses angrily.
The ufetubus hits you but does no damage.
You block the ufetubus's attack. x2; The ufetubus hits you.
The yak gores you. The jelly closely misses you.
There is a stone staircase leading up here.
The ufetubus barely misses you. The ufetubus misses you.
You block the yak's attack. The jelly closely misses you.
You climb upwards.
There is a stone staircase leading down, spattered with blood here.
You barely miss the yak. You hit the jelly but do no damage.
The acid corrodes you!
Your hands burn!
The jelly hits you.
You are splashed with acid!
The yak gores you!
You barely miss the yak. You hit the jelly but do no damage.
Your hands burn!
You block the jelly's attack. You block the yak's attack. The jelly hits you.
You are splashed with acid.
The yak closely misses you.
You hit the yak but do no damage. You hit the jelly but do no damage.
Your hands burn!
The jelly hits you.
You are splashed with acid!
* * * LOW HITPOINT WARNING * * *
The yak gores you.
* * * LOW HITPOINT WARNING * * *
You feel better. The jelly hits you.
You are splashed with acid!
* * * LOW HITPOINT WARNING * * *
The yak gores you!
* * * LOW HITPOINT WARNING * * *
You hit the yak but do no damage. You hit the jelly but do no damage.
Your hands burn!
* * * LOW HITPOINT WARNING * * *
You block the jelly's attack. The yak gores you!
You die...

...#...## ##...#
...##### #...# ...##
##.## .[..## ##.##
.....#### #...#
........###### ###..#
..##.......#.####....##
..............##J.....#
...............#@.....#
...............#.Y..###
.....................#
..........#..........#
.........##.###......#
...##....##.# ##....###
...####.....####......#
....#####...##........##
.....# #...###.........#


You could see a yak and a jelly.

Vanquished Creatures
  2 yaks (D:4)
  2 vampire bats (D:3)
  Crazy Yiuf (D:2)
  Ijyb (D:4)
  An orc wizard (D:4)
  4 adders
  4 gnolls
  2 worms
  2 dart slugs (D:1)
  11 orcs
  6 ball pythons
  2 bat skeletons (D:3)
  3 bat zombies (D:3)
  7 endoplasms
  12 goblins
  4 hobgoblins
  5 jackals
  5 kobolds
  2 quokkas
  4 bats
  4 frilled lizards
  12 rats
96 creatures vanquished.

Notes
Turn   | Place    | Note
-------+----------+-------------------------------------------
     0 | D:1      | SensoryNuts the Ogre Fighter began the quest for the Orb.
     0 | D:1      | Reached XP level 1. HP: 24/24 MP: 1/1
   210 | D:1      | Reached XP level 2. HP: 19/32 MP: 2/2
   664 | D:1      | Reached XP level 3. HP: 38/40 MP: 3/3
  1248 | D:1      | Found Dobb's General Store.
  2038 | D:2      | Reached XP level 4. HP: 45/49 MP: 4/4
  2103 | D:2      | Found a runed translucent door.
  2104 | D:2      | Noticed Crazy Yiuf
  2757 | D:2      | Killed Crazy Yiuf
  3002 | D:3      | Found a bloodstained altar of Trog.
  3101 | D:3      | Found a shimmering blue altar of Sif Muna.
  3179 | D:3      | Reached XP level 5. HP: 55/55 MP: 5/5
  3844 | D:3      | Found an ancient bone altar of Kikubaaqudgha.
  3851 | D:3      | Reached skill level 5 in Fighting
  3852 | D:3      | Reached XP level 6. HP: 66/66 MP: 6/6
  3937 | D:3      | Found a sacrificial altar of Ru.
  4181 | D:4      | Reached skill level 1 in Stealth
  4483 | D:4      | Found a radiant altar of Vehumet.
  4571 | D:4      | Noticed Ijyb
  4587 | D:4      | Killed Ijyb
  5239 | D:5      | Entered Level 5 of the Dungeon
  5239 | D:5      | Noticed a yak
  5239 | D:5      | Noticed a yak
  5239 | D:5      | Noticed a yak
  5239 | D:5      | Noticed a yak
  5250 | D:4      | Killed a yak
  5251 | D:4      | Reached skill level 5 in Axes
  5251 | D:4      | Reached XP level 7. HP: 7/72 MP: 7/7
  5262 | D:4      | Killed a yak
  6070 | D:4      | HP: 3/74 [acid (2)]
  6070 | D:4      | Mangled by a yak

Illustrated notes

Levels and vault maps discovered:
D:1:      psy_arrival_heroes, layout_loops_corners, serial_shops, shop,
          dk_noncrumbling_2
D:2:      layout_basic, uniq_crazy_yiuf_cottage
D:3:      layout_basic, amcnicky_altar_gilded, lemuel_crystal_altar,
          nicolae_ru_path_of_blood, kennysheep_vampire_church, serial_forest,
          infiniplex_forest_lined_2, infiniplex_forest_lined_3,
          infiniplex_forest_lined_2, infiniplex_forest_lined_corner,
          infiniplex_forest_end_1, infiniplex_forest_straight_3
D:4:      layout_cave_pools, mainiacjoe_overflow_paths, minmay_puff, uniq_ijyb
D:5:      layout_basic, lemuel_doored_altar

Skill      XL: |  1  2  3  4  5  6  7 |
---------------+----------------------+-----
Dodging        | 3 4 |  4.1
Axes           | 3 4 5 |  5.4
Fighting       | 5 |  5.6
Stealth        | 1 |  1.2
Shields        | 4 |  4.4

Action                   |  1- 3 |  4- 6 |  7- 9 || total
-------------------------+-------+-------+-------++-------
Melee: War axe           |   129 |   184 |    10 ||   323
  Use: Potion            |       |     2 |     6 ||     8
       Scroll            |       |       |     8 ||     8
 Stab: Sleeping          |     1 |     2 |       ||     3
Armor: Robe              |    41 |    50 |     1 ||    92
Dodge: Dodged            |    61 |    87 |     8 ||   156
Block: Kite shield       |    50 |    88 |    10 ||   148

Table legend: (Time is in decaauts)
 A = Elapsed time spent in this place.
 B = Non-inter-level travel time spent in this place.
 C = Inter-level travel time spent in this place.
 D = Time resting spent in this place.
 E = Time spent auto-exploring this place.
 F = Levels seen in this place.
 G = Mean time per level.
                   A        B        C        D        E       F      G
               +--------+--------+--------+--------+--------+-----+--------+
         Total |   6221 |   6036 |    185 |    762 |   4346 |   5 | 1244.2 |
       Dungeon |   6221 |   6036 |    185 |    762 |   4346 |   5 | 1244.2 |
               +--------+--------+--------+--------+--------+-----+--------+

Top non-repeatable levels by time:
     D:4: 1993 daAuts
     D:1: 1763 daAuts
     D:2: 1315 daAuts
     D:3: 1144 daAuts
     D:5: 4 daAuts
